 Dungeon Crawl Stone Soup version 0.30.0-18-gc0e69614cb (webtiles) character file.

Game seed: 7709232929633556622

170 booth the Chopper (level 5, -6/43 HPs)
             Began as a Gnoll Reaver on May 24, 2023.
             Splashed by a jelly's acid (7 damage)
             ... on level 4 of the Dungeon.
             The game lasted 00:16:00 (2604 turns).

booth the Chopper (Gnoll Reaver)                    Turns: 2604, Time: 00:16:00

Health: -6/43      AC: -7    Str: 14    XL:     5   Next: 50%
Magic:  12/12      EV: 12    Int: 12    God:
Gold:   157        SH:  5    Dex: 10    Spells: 7/14 levels left

rFire   . . .        a - +0 hand axe
rCold   . . .        l - +2 buckler
rNeg    . . .        b - +0 leather armour
rPois   .            g - +0 helmet
rElec   .            (no cloak)
rCorr   .            (no gloves)
SInv    .            (no boots)
Will    .....        e - amulet of regeneration
Stlth   +            (no ring)
HPRegen 1.07/turn    (no ring)
MPRegen 0.13/turn

%: no passive effects
@: corroded
A: fangs 1, strong nose, distributed training
a: no special abilities


You were on level 4 of the Dungeon.
You visited 1 branch of the dungeon, and saw 4 of its levels.

You collected 157 gold pieces.

Inventory:

Hand Weapons
 a - a +0 hand axe (weapon)
 q - a +0 mace
Missiles
 o - 4 poisoned darts
Armour
 b - a +0 leather armour (worn)
 g - a +0 helmet (worn)
 l - a +2 buckler (worn)
Jewellery
 c - a ring of ice
 e - an amulet of regeneration (around neck)
Scrolls
 i - a scroll of fear
 m - a scroll of teleportation {unknown}
 p - a scroll of noise {unknown}
Potions
 d - a potion of heal wounds
 h - a potion of resistance
 j - a potion of ambrosia
 k - a potion of cancellation {unknown}
 n - a potion of flight {unknown}


   Skills:
 + Level 4.8 Fighting
 + Level 1.6 Short Blades
 + Level 1.6 Long Blades
 + Level 6.7 Axes
 + Level 1.6 Maces & Flails
 + Level 1.6 Polearms
 + Level 1.6 Staves
 + Level 1.6 Ranged Weapons
 + Level 1.6 Throwing
 + Level 1.6 Armour
 + Level 4.8 Dodging
 + Level 1.6 Stealth
 + Level 1.6 Shields
 + Level 1.6 Unarmed Combat
 + Level 5.2 Spellcasting
 + Level 5.5 Conjurations
 + Level 1.2 Hexes
 + Level 1.2 Summonings
 + Level 1.2 Necromancy
 + Level 1.2 Translocations
 + Level 1.2 Transmutations
 + Level 1.2 Fire Magic
 + Level 1.2 Ice Magic
 + Level 1.2 Air Magic
 + Level 1.2 Earth Magic
 + Level 1.2 Poison Magic
 + Level 1.8 Invocations
 + Level 1.6 Evocations


You had 7 spell levels left.
You knew the following spells:

 Your Spells              Type           Power      Damage    Failure   Level
a - Kiss of Death         Conj/Necr      44%        2d8       9%          1
b - Momentum Strike       Conj/Tloc      22%        3d8       13%         2
c - Foxfire               Conj/Fire      44%        2x1d6     9%          1
d - Hailstorm             Conj/Ice       11%        3d5       26%         3

Your spell library contained the following spells:

 Spells                   Type           Power      Damage    Failure   Level
 Freeze                   Ice            24%        1d4       21%         1
 Scorch                   Fire           12%        2d6       30%         2
 Frozen Ramparts          Ice            12%        1d2       52%         3
 Flame Wave               Conj/Fire      11%        2d6       63%         4
 Fireball                 Conj/Fire      5%         3d5       93%         5
 Plasma Beam              Fire/Air       3%         2x1d14    100%        6
 Starburst                Conj/Fire      5%         6d4       100%        6
 Summon Cactus Giant      Summ           3%         N/A       100%        6


Dungeon Overview and Level Annotations

Branches:
Dungeon (4/15)
 Temple: D:4-7

Altars:
Kikubaaqudgha
Zin

Shops:
D:3 [


Innate Abilities, Weirdness & Mutations

You have very sharp teeth.
Your uncanny sense of smell can sniff out nearby items.
Your experience applies equally to all skills.


Message History

You feel sick.
The endoplasm hits you but does no damage.
You slash the endoplasm!
You kill the endoplasm!
You feel sick.
You feel sick.
The kobold hits you with a +0 short sword.
You closely miss the kobold. You hit the jelly.
Your hands burn!
You feel sick. The kobold closely misses you. The jelly hits you.
The acid corrodes you!
You are splashed with acid!
You closely miss the kobold. You hit the jelly.
Your hands burn!
You feel sick. The jelly barely misses you.
The kobold hits you with a +0 short sword.
You hit the kobold.
The kobold is moderately wounded.
You barely miss the jelly.
You feel sick.
You are no longer poisoned.
The kobold closely misses you. You block the jelly's attack.
You miss the kobold.
The kobold is moderately wounded.
You hit the jelly.
Your hands burn!
You block the kobold's attack. The jelly barely misses you.
You hit the kobold. You bite the kobold, but do no damage.
The kobold is severely wounded.
You hit the jelly.
Your hands burn!
You block the jelly's attack.
The kobold hits you with a +0 short sword.
The jelly attacks as you move away! The jelly hits you.
* * * LOW HITPOINT WARNING * * *
The acid corrodes you!
You are splashed with acid.
* * * LOW HITPOINT WARNING * * *
The kobold throws a poisoned dart.
The poisoned dart completely misses you.
You hit the jelly but do no damage.
Your hands burn!
* * * LOW HITPOINT WARNING * * *
You bite the jelly, but do no damage.
The jelly is heavily wounded.
The jelly hits you.
* * * LOW HITPOINT WARNING * * *
The acid corrodes you!
You are splashed with acid!
You die...

.. .. .## ##..
##.. . ..# ..
##.# ... #..#
.... #.@# .....
#^###J#......
#....K.......
...............
..............#
#.............#
#..............
#..............
...............


You could see a jelly and a kobold.

Vanquished Creatures
  9 adders
  3 worms
  3 dart slugs
  An orc (D:3)
  5 endoplasms
  5 giant cockroaches
  11 goblins
  4 hobgoblins
  6 jackals (D:2)
  A quokka (D:1)
  3 ball pythons
  6 bats
  5 frilled lizards
  8 kobolds
  7 rats
77 creatures vanquished.

Vanquished Creatures (others)
  4 foxfires (D:1)
4 creatures vanquished.

Grand Total: 81 creatures vanquished

Notes
Turn   | Place    | Note
-------+----------+-------------------------------------------
     0 | D:1      | booth the Gnoll Reaver began the quest for the Orb.
     0 | D:1      | Reached XP level 1. HP: 20/20 MP: 6/6
   122 | D:1      | Found a faded altar of an unknown god.
   247 | D:1      | Reached XP level 2. HP: 25/26 MP: 7/7
   250 | D:1      | Learned a level 2 spell: Momentum Strike
   380 | D:1      | Learned a level 1 spell: Foxfire
   634 | D:1      | Reached skill level 5 in Spellcasting
   634 | D:1      | Reached XP level 3. HP: 31/31 MP: 7/9
   641 | D:1      | Learned a level 3 spell: Hailstorm
  1095 | D:2      | Reached skill level 1 in Invocations
  1295 | D:2      | Reached skill level 1 in Short Blades
  1295 | D:2      | Reached skill level 1 in Long Blades
  1295 | D:2      | Reached skill level 1 in Maces & Flails
  1295 | D:2      | Reached skill level 1 in Polearms
  1295 | D:2      | Reached skill level 1 in Staves
  1295 | D:2      | Reached skill level 1 in Ranged Weapons
  1295 | D:2      | Reached skill level 1 in Throwing
  1295 | D:2      | Reached skill level 1 in Armour
  1295 | D:2      | Reached skill level 1 in Stealth
  1295 | D:2      | Reached skill level 1 in Shields
  1295 | D:2      | Reached skill level 1 in Unarmed Combat
  1295 | D:2      | Reached skill level 1 in Evocations
  1306 | D:2      | Reached XP level 4. HP: 13/38 MP: 11/11
  1526 | D:2      | Reached skill level 1 in Hexes
  1526 | D:2      | Reached skill level 1 in Summonings
  1526 | D:2      | Reached skill level 1 in Necromancy
  1526 | D:2      | Reached skill level 1 in Translocations
  1526 | D:2      | Reached skill level 1 in Transmutations
  1526 | D:2      | Reached skill level 1 in Fire Magic
  1526 | D:2      | Reached skill level 1 in Ice Magic
  1526 | D:2      | Reached skill level 1 in Air Magic
  1526 | D:2      | Reached skill level 1 in Earth Magic
  1526 | D:2      | Reached skill level 1 in Poison Magic
  1827 | D:3      | Found Xood's Armour Boutique.
  1829 | D:3      | Found a glowing silver altar of Zin.
  1864 | D:3      | Found an ancient bone altar of Kikubaaqudgha.
  1965 | D:3      | Reached XP level 5. HP: 41/43 MP: 12/12
  2604 | D:4      | HP: 1/43 [jelly (3)]
  2604 | D:4      | Splashed by a jelly's acid

Illustrated notes

Levels and vault maps discovered:
D:1:      amcnicky_arrival_feature_with_door, layout_basic,
          shapermc_ecumenical_altar_totnotflames, nicolae_eternal_life
D:2:      layout_rooms
D:3:      layout_basic, grunt_temple_overflow_open, serial_shops, shop,
          minmay_checkerbox
D:4:      layout_cave_pools, kennysheep_slug_shrine, minmay_manual_mess

Skill      XL: |  1  2  3  4 |
---------------+-------------+-----
Spellcasting   | 5 |  5.2
Invocations    | 1 |  1.8
Short Blades   | 1 |  1.6
Long Blades    | 1 |  1.6
Maces & Flails | 1 |  1.6
Polearms       | 1 |  1.6
Staves         | 1 |  1.6
Ranged Weapons | 1 |  1.6
Throwing       | 1 |  1.6
Armour         | 1 |  1.6
Stealth        | 1 |  1.6
Shields        | 1 |  1.6
Unarmed Combat | 1 |  1.6
Evocations     | 1 |  1.6
Hexes          | 1 |  1.2
Summonings     | 1 |  1.2
Necromancy     | 1 |  1.2
Translocations | 1 |  1.2
Transmutations | 1 |  1.2
Fire Magic     | 1 |  1.2
Ice Magic      | 1 |  1.2
Air Magic      | 1 |  1.2
Earth Magic    | 1 |  1.2
Poison Magic   | 1 |  1.2
Fighting       | |  4.8
Axes           | |  6.7
Dodging        | |  4.8
Conjurations   | |  5.5

Action                     |  1- 3 |  4- 6 || total
---------------------------+-------+-------++-------
  Melee: Hand axe          |   115 |   136 ||   251
         Bite              |    10 |    14 ||    24
         Punch             |       |     1 ||     1
   Cast: Foxfire           |     2 |       ||     2
    Use: Scroll            |     3 |     3 ||     6
         Potion            |     3 |       ||     3
 Armour: Leather armour    |    32 |    30 ||    62
  Dodge: Dodged            |    76 |    76 ||   152
  Block: Buckler           |       |    10 ||    10
